Map: [ESL] Oceanborn

Players

Oliveira

  • Race: Terran Terran
  • Spawn Location: 11:00

Stats - Winner!

  • Race: Protoss Protoss
  • Spawn Location: 5:00

Event: IEM Katowice 2024

VOD

Have the link to the VOD?

Description

Time

  • Played on: Feb. 8, 2024, 7:17 a.m.
  • Length: 7:33

All games in this series

Show
View Real Time Build Order
Export as new Build Order

Oliveira Terran 

Build Orders: Cyclone Opening 

Get SALT Encoding   

  12  0:01  SCV  
  13  0:13  SCV  
  14  0:17  Supply Depot  
  14  0:25  SCV  
  15  0:39  Barracks, SCV  
  16  0:43  Refinery  
  16  0:51  SCV  
  16  0:53  Refinery  
  17  1:03  SCV  
  18  1:15  SCV  
  19  1:27  Orbital Command, Reaper  
  19  1:28  Supply Depot  
  20  1:41  Factory  
  20  1:53  SCV  
  21  1:59  Barracks Reactor  
  21  2:05  SCV  
  22  2:17  Command Center  
  22  2:20  SCV  
  23  2:30  Starport  
  23  2:35  Cyclone  
  25  2:37  SCV  
  26  2:44  Supply Depot  
  26  2:49  SCV  
  26  2:51  Marine x2  
  29  3:02  SCV  
  30  3:07  Cyclone  
  30  3:08  Medivac  
  34  3:13  Marine x2  
  34  3:17  SCV  
  37  3:30  Orbital Command  
  37  3:32  Marine x2  
  39  3:35  SCV  
  40  3:42  Liberator, Factory Tech Lab  
  40  3:47  SCV  
  44  3:51  Supply Depot  
  44  3:53  Orbital Command  
  44  4:00  SCV, Marine x2  
  47  4:04  Siege Tank  
  50  4:12  SCV  
  51  4:17  Marine  
  51  4:18  SCV  
  53  4:24  Supply Depot, Marine, SCV  
  53  4:26  Starport Tech Lab  
  53  4:30  SCV  
  56  4:34  Bunker  
  56  4:35  Marine  
  56  4:36  Siege Tank, SCV  
  61  4:43  SCV  
  62  4:46  Barracks  
  62  4:48  SCV  
  62  4:50  Barracks  
  63  4:55  SCV  
  63  4:58  Engineering Bay  
  64  5:01  Marine, Supply Depot  
  64  5:02  Marine  
  64  5:03  SCV  
  67  5:09  SCV  
  67  5:10  Refinery  
  68  5:19  Marine  
  68  5:20  Marine  
  70  5:23  Siege Tank, SCV  
  70  5:24  Supply Depot  
  72  5:31  Viking  
  72  5:35  SCV, Marine  
  71  5:37  Marine x2  
  71  5:38  Stimpack  
  71  5:44  SCV  
  67  5:53  Marine  
  67  5:55  Marine  
  67  5:56  Marine  
  67  5:57  SCV  
  67  6:01  SCV  
  67  6:09  SCV  
  67  6:12  Marine  
  67  6:13  SCV  
  67  6:17  Marine  
  67  6:18  Factory Reactor  
  62  6:20  Marine  
  62  6:21  SCV  
  62  6:25  SCV  
  60  6:28  Marine  
  60  6:32  Marine  
  54  6:33  SCV  
  54  6:35  Marine  
  54  6:37  SCV  
  54  6:38  Marine  
  48  6:45  Marine  
  48  6:46  SCV  
  44  6:49  SCV  
  43  6:58  SCV  
  43  7:01  SCV  
  36  7:10  SCV  
  36  7:14  SCV  
Show
View Real Time Build Order
Export as new Build Order

Stats Protoss - Winner!

Build Orders: 1 Gate Expand, Blink Stalkers 

Get SALT Encoding   

  12  0:00  Probe  
  13  0:12  Probe  
  14  0:17  Pylon  
  14  0:24  Probe (Chrono Boost)  
  15  0:36  Gateway, Probe (Chrono Boost)  
  16  0:44  Probe (Chrono Boost)  
  16  0:46  Assimilator  
  17  0:51  Probe  
  18  1:03  Probe  
  19  1:19  Nexus  
  19  1:29  Cybernetics Core  
  19  1:32  Probe  
  20  1:37  Assimilator  
  20  1:43  Pylon  
  20  1:46  Probe  
  21  1:58  Probe (Chrono Boost)  
  22  2:03  Stalker (Chrono Boost)  
  25  2:10  Probe (Chrono Boost)  
  25  2:11  Warp Gate  
  25  2:14  Probe (Chrono Boost)  
  26  2:25  Stalker  
  26  2:26  Probe (Chrono Boost)  
  29  2:31  Probe (Chrono Boost)  
  31  2:40  Probe (Chrono Boost)  
  31  2:41  Probe (Chrono Boost)  
  31  2:42  Shield Battery  
  32  2:46  Probe (Chrono Boost)  
  32  2:48  Probe  
  34  2:53  Twilight Council  
  34  2:58  Probe  
  35  2:59  Stalker  
  35  3:00  Probe  
  38  3:10  Probe  
  39  3:13  Probe  
  39  3:14  Gateway  
  39  3:18  Gateway  
  40  3:24  Blink (Chrono Boost), Probe  
  40  3:25  Probe  
  42  3:35  Robotics Facility  
  42  3:38  Probe x2  
  42  3:41  Pylon  
  44  3:50  Probe x2  
  44  3:52  Assimilator  
  44  3:54  Assimilator  
  44  3:55  Pylon  
  46  3:59  Stalker  
  46  4:02  Probe x2  
  50  4:08  Pylon, Stalker  
  52  4:14  Stalker  
  50  4:22  Probe x2  
  50  4:23  Stalker  
  54  4:24  Warp Prism (Chrono Boost)  
  56  4:35  Shield Battery  
  56  4:39  Stalker  
  56  4:40  Stalker  
  60  4:51  Templar Archives  
  60  4:53  Probe x2  
  60  4:58  Observer  
  63  5:03  Stalker  
  63  5:05  Gateway x2  
  65  5:10  Charge (Chrono Boost)  
  65  5:13  Zealot x2  
  69  5:17  Pylon  
  69  5:20  Pylon  
  69  5:37  Stalker x2  
  69  5:40  Shield Battery, Stalker  
  67  6:04  Stalker x3  
  67  6:05  Stalker x2  
  77  6:14  Gateway  
  77  6:16  Gateway  
  77  6:18  Gateway  
  69  6:29  Stalker  
  69  6:30  Stalker x2  
  67  6:48  Gateway  
  67  6:49  Gateway  
  67  6:54  Stalker x3  
  58  7:08  Pylon  
  58  7:09  Probe  
  58  7:10  Probe  
  58  7:11  Stalker x2  
  58  7:14  Stalker  
  60  7:23  Stalker x3  

Tags
 
Add a new tag
Caveats
  • Supply blocks, unpowered buildings, or Contaminate may cause inaccurate times.
  • Supply counts are checked every 10 seconds.